 Dungeon Crawl Stone Soup version 0.23-a0-577-g2b1de94 (webtiles) character file.

5931 AverageBear the Cleaver (level 10, -16/81 HPs)
             Began as a Deep Dwarf Fighter on Dec 15, 2018.
             Was a Priest of Makhleb.
             Demolished by a two-headed ogre
             ... wielding a +0 giant spiked club
              (22 damage)
             ... on level 9 of the Dungeon.
             The game lasted 00:11:59 (6184 turns).

AverageBear the Cleaver (Deep Dwarf Fighter)        Turns: 6184, Time: 00:11:59

Health: -16/81     AC: 10    Str: 32    XL:     10   Next: 54%
Magic:  6/6        EV: 16    Int:  8    God:    Makhleb [***...]
Gold:   423        SH:  6    Dex: 12    Spells: 9/9 levels left

rFire    . . .     SeeInvis .   g - +3 hand axe
rCold    + . .     Gourm    .   u - +1 buckler of Zin's Indignation {rC+ Str+3}
rNeg     + . .     Faith    .   b - +0 scale mail
rPois    .         Spirit   .   s - +0 helmet (curse)
rElec    .         Reflect  .   q - +0 cloak
rCorr    .         Harm     .   (no gloves)
MR       +....                  (no boots)
Stlth    ..........             (no amulet)
HPRegen  0.00/turn              n - ring of positive energy
MPRegen  0.10/turn              l - +3 ring of evasion

@: mighty, non-regenerating
A: damage resistance, heal wounds, sense surroundings 2, no regeneration
a: Heal Wounds, Minor Destruction, Lesser Servant of Makhleb, Renounce Religion


You were on level 9 of the Dungeon.
You worshipped Makhleb.
Makhleb was most pleased with you.
You were hungry.

You visited 2 branches of the dungeon, and saw 10 of its levels.

You collected 423 gold pieces.

Inventory:

Hand Weapons
 a - a +0 war axe
 c - the +5 great sword of Ament {drain, rElec rF+ Dex+4, unknown}
   (You found it on level 6 of the Dungeon)

   A truly terrible weapon, it drains the life of those it strikes.
   It affects your dexterity (+4).
   It protects you from fire.
   It insulates you from electricity.
 g - a +3 hand axe (weapon)
Armour
 b - a +0 scale mail (worn)
 q - a +0 cloak (worn)
 s - a cursed +0 helmet (worn)
 u - the +1 buckler of Zin's Indignation (worn) {rC+ Str+3}
   (You took it off an orc wizard on level 4 of the Dungeon)

   It affects your strength (+3).
   It protects you from cold.
Jewellery
 l - a +3 ring of evasion (right hand)
 n - a ring of positive energy (left hand)
Wands
 o - a wand of flame (7)
 p - a wand of random effects (24)
 w - a wand of paralysis (13)
 z - a wand of enslavement (7)
Scrolls
 e - a scroll of amnesia
 i - 7 scrolls of remove curse
 j - 2 scrolls of enchant weapon
 m - 5 scrolls of teleportation
 r - 4 scrolls of magic mapping
 y - a scroll of acquirement {unknown}
Potions
 d - a potion of might
 h - a potion of magic
 A - 2 potions of invisibility
Comestibles
 f - 20 rations
 x - 4 chunks of flesh


   Skills:
 - Level 2.6 Fighting
 - Level 14.0 Axes
 + Level 7.8 Armour
 - Level 5.0 Dodging
 - Level 5.3 Shields


You had 9 spell levels left.
You didn't know any spells.
Your spell library contained the following spells:

 Spells                   Type           Power        Failure   Level  Hunger
 Magic Dart               Conj           #...         61%         1    ##.....
 Searing Ray              Conj           #.....       75%         2    ###....
 Dazzling Spray           Conj/Hex       #.....       93%         3    ####...
 Force Lance              Conj/Tloc      #.......     100%        4    #####..
 Fulminant Prism          Conj/Hex       #.........   100%        4    #####..
 Iskenderun's Mystic Bla  Conj           #.......     100%        4    #####..


Dungeon Overview and Level Annotations

Branches:
Dungeon (9/15)             Temple (1/1) D:5            Lair (0/6) D:9
    Orc: D:9-12

Altars:
Dithmenos
Fedhas
Kikubaaqudgha
Makhleb
Nemelex Xobeh
Qazlal
Ru
Sif Muna
Trog
Uskayaw
Vehumet
Wu Jian
Xom
Yredelemnul
Zin
The Shining One

Annotations:
D:4 exclusion: oklob plant


Innate Abilities, Weirdness & Mutations

You are resistant to damage.
You can heal yourself by infusing magical energy.
You passively map the area around you.
You do not regenerate.


Message History

You hit the two-headed ogre.
The two-headed ogre is lightly wounded.
The orc warrior hits you from afar with a +0 glaive!
The two-headed ogre misses you.
The two-headed ogre hits you with a +0 giant spiked club!
* * * LOW HITPOINT WARNING * * *
You barely miss the two-headed ogre.
The two-headed ogre is lightly wounded.
You slice the two-headed ogre!!
The two-headed ogre is severely wounded.
You block the orc warrior's attack. The two-headed ogre closely misses you.
The two-headed ogre hits you with a +0 giant spiked club!!
* * * LOW HITPOINT WARNING * * *
Evoke which item? (* to show all) (? for menu, Esc to quit)
Aiming: Random Effects
Press: ? - help, Shift-Dir - straight line, f - orc warrior
Aim: an orc warrior, wielding a +0 glaive and wearing a +0 chain mail (heavily The two-headed ogre seems to speed up.
The two-headed ogre hits you with a +0 giant spiked club!!
You die...

#..##.# #.# # * , ,
#.....# #.# *.# .#* *
#..#### #.# *#.## .# ,,
###...#####.#####...##.#
, , ,
.................###...+
, ,
###.........###.#†.÷#..#
#..(######## #.#...#..#*
, ##..## #.#)..#..# # **
#...# ##@###)#, .## *
#.#.# ##O..## o..# ,
#.#.# ##.##*,..oo. ,
#.#.# ####o###$o.oo.,
#.#.# #......o#, ..#.#
#.##.##.# , , * .##.# #,
#.#*.# ** 8 ** ....# *
*#.. .(* ***** * #####
*### ..# ,


You could see a two-headed ogre and an orc warrior.

Vanquished Creatures
  Erica (D:8)
  Maurice (D:8)
  2 centaur zombies
  Joseph (D:9)
  3 hippogriffs
  3 vampire mosquitoes (D:9)
  2 orc warriors
  An ice beast (D:6)
  A sky beast (D:7)
  3 ogres
  2 big kobolds
  6 bullfrogs
  A gnoll sergeant (D:7)
  A wyvern zombie (D:8)
  A scorpion (D:4)
  A howler monkey (D:4)
  2 crimson imps
  2 jellies
  A bullfrog skeleton (D:4)
  3 centaur skeletons (D:4)
  11 orc priests
  6 hounds
  Jessica (D:3)
  3 iguanas
  6 worker ants
  7 orc wizards
  Robin (D:3)
  A howler monkey skeleton (D:7)
  18 adders
  4 gnolls (D:7)
  3 shadow imps
  An ooze (D:3)
  An adder zombie (D:7)
  4 adder skeletons
  8 worms
  4 dart slugs
  8 leopard geckos
  27 orcs
  5 ball pythons
  13 bats
  6 giant cockroaches
  13 goblins
  12 hobgoblins
  11 jackals
  8 quokkas
  5 frilled lizards
  27 kobolds
  14 rats
266 creatures vanquished.

Vanquished Creatures (others)
  2 plants (D:4)
2 creatures vanquished.

Grand Total: 268 creatures vanquished

Notes
Turn   | Place    | Note
-------+----------+-------------------------------------------
     0 | D:1      | AverageBear the Deep Dwarf Fighter began the quest for the
                  | Orb.
     0 | D:1      | Reached XP level 1. HP: 20/20 MP: 1/1
    94 | D:1      | Reached skill level 3 in Axes
    96 | D:1      | Reached XP level 2. HP: 25/27 MP: 2/2
   659 | D:1      | Reached XP level 3. HP: 28/33 MP: 3/3
   748 | D:2      | Reached skill level 4 in Axes
   965 | D:2      | Reached XP level 4. HP: 40/40 MP: 3/3
   971 | D:2      | Reached skill level 5 in Axes
  1555 | D:3      | Noticed Jessica
  1562 | D:3      | Killed Jessica
  1562 | D:3      | Reached XP level 5. HP: 28/46 MP: 4/4
  1768 | D:3      | Reached skill level 6 in Axes
  1781 | D:3      | Noticed Robin
  1790 | D:3      | Killed Robin
  2200 | D:4      | Found a stormy altar of Qazlal.
  2260 | D:4      | Reached skill level 7 in Axes
  2260 | D:4      | Reached XP level 6. HP: 42/55 MP: 5/5
  2265 | D:4      | Reached skill level 1 in Dodging
  2370 | D:4      | Identified the +1 buckler of Zin's Indignation {rC+ Str+3}
  2529 | D:4      | Reached XP level 7. HP: 44/61 MP: 6/6
  2529 | D:4      | Reached skill level 5 in Dodging
  2942 | D:4      | Found a blossoming altar of Fedhas.
  2966 | D:4      | Noticed an oklob plant
  3052 | D:5      | Entered Level 5 of the Dungeon
  3178 | D:5      | Reached skill level 5 in Armour
  3189 | D:5      | Found a staircase to the Ecumenical Temple.
  3209 | Temple   | Entered the Ecumenical Temple
  3293 | Temple   | Became a worshipper of Makhleb the Destroyer
  3588 | D:5      | Reached XP level 8. HP: 43/68 MP: 6/6
  3593 | D:5      | Found a glowing golden altar of the Shining One.
  3847 | D:6      | Reached skill level 5 in Shields
  3988 | D:6      | Got a smoking great sword
  4288 | D:7      | Reached * piety under Makhleb
  4328 | D:7      | Reached skill level 8 in Axes
  4428 | D:7      | Found a radiant altar of Vehumet.
  4500 | D:7      | Reached skill level 9 in Axes
  4526 | D:7      | Found a sacrificial altar of Ru.
  4526 | D:7      | Found an ornate altar of the Wu Jian Council.
  4953 | D:7      | Gained mutation: You passively map the area around you.
                  | [Deep Dwarf growth]
  4953 | D:7      | Reached XP level 9. HP: 27/74 MP: 7/7
  5057 | D:8      | Reached skill level 10 in Axes
  5130 | D:8      | Reached ** piety under Makhleb
  5172 | D:8      | Found a deep blue altar of Sif Muna.
  5207 | D:8      | Noticed a +0 hand axe
  5208 | D:8      | Noticed a +0 dagger
  5211 | D:8      | Found a hide-covered altar of Uskayaw.
  5270 | D:8      | Reached skill level 11 in Axes
  5293 | D:7      | Found a burning altar of Makhleb.
  5363 | D:8      | Found a basalt altar of Yredelemnul.
  5387 | D:8      | Noticed Erica
  5406 | D:8      | Reached skill level 12 in Axes
  5444 | D:8      | Killed Erica
  5444 | D:8      | Reached XP level 10. HP: 65/81 MP: 8/8
  5457 | D:8      | Noticed a moth of wrath
  5464 | D:8      | Found a bloodstained altar of Trog.
  5500 | D:8      | Noticed Maurice
  5541 | D:8      | Killed Maurice
  5541 | D:8      | Reached skill level 13 in Axes
  5853 | D:9      | Noticed Joseph
  5892 | D:9      | Killed Joseph
  5892 | D:9      | Reached *** piety under Makhleb
  6082 | D:9      | Reached skill level 14 in Axes
  6174 | D:9      | Noticed a two-headed ogre
  6176 | D:9      | HP: 3/81 [orc warrior/+0 glaive (15)]
  6184 | D:9      | Demolished by a two-headed ogre

Vault maps used:
D:1:      eino_arrival_tree_alley
D:2:      serial_aquarium, aquarium_bridge_long_joined, aquarium_bridge_square,
          aquarium_window_corner, aquarium_window_2, aquarium_window_fake,
          aquarium_window_fake, aquarium_view_4, aquarium_view_2b,
          aquarium_balcony_double_3, aquarium_pool_2
D:3:      minmay_octagon_keep, uniq_jessica, uniq_robin
D:4:      minmay_chambers_of_twos, grunt_qazlal_clouds, tgw_fedhas,
          chequers_big_river
D:5:      tso_metal_star, minmay_temple_entry_proselytizer, first_ration
D:6:      wander_river
D:7:      lemuel_upstairs_altar, vehumet_altar_wand_db,
          chequers_temple_overflow_statue_of_worship
D:8:      dancing_weapons_uskayaw, lemuel_doored_altar, tgw_trog,
          kennysheep_mini_moat, grunt_ogre_cave, due_unseen_surprise,
          uniq_maurice, uniq_erica
D:9:      dpeg_oklobed_lair, david_orc_4, basic_altar, minmay_misc_feat_tower,
          grunt_tough_drop, uniq_joseph
Temple:   minmay_temple_forest_path

Skill      XL: |  1  2  3  4  5  6  7  8  9 10 |
---------------+-------------------------------+-----
Axes           | 3 4 5 7 9 12 14 | 14.0
Dodging        | 4 5 |  5.0
Armour         | 6 7 |  7.8
Shields        | 5 |  5.3
Fighting       | |  2.6

Action                   |  1- 3 |  4- 6 |  7- 9 | 10-12 || total
-------------------------+-------+-------+-------+-------++-------
Melee: War axe           |   111 |    60 |       |       ||   171
       Hand axe          |       |   158 |   467 |   164 ||   789
 Abil: Heal Wounds       |     1 |     2 |    10 |     3 ||    16
Evoke: Wand              |       |       |     1 |     1 ||     2
  Use: Scroll            |     3 |     3 |     1 |     2 ||     9
       Potion            |       |     1 |     8 |     3 ||    12
  Eat: Chunk             |       |     6 |    10 |     2 ||    18
Armor: Scale mail        |    36 |    83 |   143 |    24 ||   286
       Skin              |       |       |       |    17 ||    17
Dodge: Dodged            |    39 |    68 |   243 |    48 ||   398
Block: Shield            |    59 |    90 |       |       ||   149
       Buckler           |       |     6 |    97 |    28 ||   131

Table legend:
 A = Non-vault XP
 B = Vault XP
 C = Vault XP percentage of total XP
 D = Non-vault monster count
 E = Vault monster count
 F = Vault count percentage of total count
                 A         B        C        D         E       F
            +---------+---------+-------+---------+---------+-------
      Total |    5845 |    2629 |  31.0 |     222 |      44 |  16.5
            +---------+---------+-------+---------+---------+-------
        D:1 |      41 |       0 |   0.0 |      25 |       0 |   0.0
        D:2 |     116 |       0 |   0.0 |      32 |       0 |   0.0
        D:3 |      85 |      88 |  50.9 |      28 |      20 |  41.7
        D:4 |     429 |     221 |  34.0 |      21 |       6 |  22.2
        D:5 |     414 |      43 |   9.4 |      14 |       1 |   6.7
        D:6 |     696 |       0 |   0.0 |      24 |       0 |   0.0
        D:7 |     787 |       1 |   0.1 |      30 |       1 |   3.2
        D:8 |    1934 |    1571 |  44.8 |      35 |       8 |  18.6
        D:9 |    1343 |     705 |  34.4 |      13 |       8 |  38.1
            +---------+---------+-------+---------+---------+-------
